 Dungeon Crawl Stone Soup version 0.28-a0-973-ga7f8b01127 (webtiles) character file.

Game seed: 11349214993949095739

341 croobank the Chopper (level 6, 0/42 HPs)
             Began as an Octopode Monk on Dec 1, 2021.
             Was an Elder of Lugonu.
             Slain by a phantom (8 damage)
             ... on level 3 of the Dungeon.
             The game lasted 00:20:40 (3703 turns).

croobank the Chopper (Octopode Monk)                Turns: 3703, Time: 00:20:41

Health: 0/42       AC:  1    Str: 12    XL:     6   Next: 56%
Magic:  6/6        EV: 14    Int: 13    God:    Lugonu [****..]
Gold:   146        SH:  0    Dex: 14    Spells: 5/5 levels left

rFire   . . .      SeeInvis .   a - +1 hand axe
rCold   . . .      Faith    .   (no shield)
rNeg    . . .      Spirit   .   (helmet restricted)
rPois   .          Reflect  .   l - amulet of magic regeneration
rElec   .          Harm     .   (no ring)
rCorr   .          Rampage  .   (no ring)
Will    .....                   (no ring)
Stlth   ++++......              (no ring)
HPRegen 0.14/turn               (no ring)
MPRegen 0.50/turn               (no ring)
                                (no ring)
                                (no ring)

@: hasted, very quick
A: almost no armour, amphibious, 8 rings, camouflage 1, gelatinous body 1,
(nimble swimmer 1), tentacles
a: Renounce Religion, Depart the Abyss, Bend Space, Banish, Corrupt


You were on level 3 of the Dungeon.
You worshipped Lugonu.
Lugonu was greatly pleased with you.
You visited 1 branch of the dungeon, and saw 4 of its levels.

You collected 146 gold pieces.

Inventory:

Hand Weapons
 a - a +1 hand axe (weapon)
 c - a +2 dagger of protection
 n - a +0 hunting sling
 o - a +0 spear
Missiles
 d - 8 arrows
 e - 27 poisoned darts
 f - 5 boomerangs
 i - 33 bolts
 j - 182 stones
 k - 5 javelins (quivered)
Jewellery
 l - an amulet of magic regeneration (around mantle)
Scrolls
 p - a scroll of magic mapping
Potions
 b - 2 potions of brilliance
 h - a potion of cancellation


   Skills:
 - Level 3.6 Fighting
 - Level 4.2 Axes
 - Level 3.8 Dodging
 - Level 4.0 Stealth
 + Level 2.6 Conjurations
 + Level 2.6 Fire Magic


You had 5 spell levels left.
You didn't know any spells.
Your spell library contained the following spells:

 Spells                   Type           Power      Damage    Failure   Level
 Conjure Flame            Conj/Fire      6%         6-21      32%         3
 Ignite Poison            Fire/Tmut/Pois 2%         N/A       54%         3
 Sticky Flame             Conj/Fire      6%         2d3       71%         4


Dungeon Overview and Level Annotations

Branches:
Dungeon (4/15)
 Temple: D:4-7

Altars:
Kikubaaqudgha
The Shining One
Lugonu

Shops:
D:2 [

Portals:
Abyss: D:3

Annotations:
D:3 1 runed translucent door, 2 transporters, Crazy Yiuf; timneilson's ghost, amateur OgFi


Innate Abilities, Weirdness & Mutations

You cannot wear most types of armour.
You are amphibious.
You can wear up to eight rings at the same time.
Your skin changes colour to match your surroundings (Stealth+).
Your rubbery body absorbs attacks. (AC +1, EV +1)
((You are camouflaged near water. (Stealth+)))
You have tentacles for arms and can constrict up to eight enemies at once.


Message History

You hit the phantom. Your squeeze misses the phantom.
The phantom is moderately damaged.
You barely miss the kobold. The phantom hits you.
* * * LOW HITPOINT WARNING * * *
The phantom blinks!
You blink.
The phantom misses you.
You barely miss the phantom.
The phantom is moderately damaged.
You hit the kobold. The kobold hits you with a +0 club.
* * * LOW HITPOINT WARNING * * *
The phantom barely misses you.
You feel yourself speed up. The kobold misses you. The phantom hits you.
* * * LOW HITPOINT WARNING * * *
The phantom blinks!
You blink.
Unknown command.
You feel better.
You miss the phantom. Your squeeze misses the phantom.
The phantom is moderately damaged.
The phantom misses you.
You closely miss the phantom.
The phantom is moderately damaged.
You hit the phantom.
You squeeze the phantom, but do no damage.
The phantom is heavily damaged.
The phantom hits you but does no damage.
You barely miss the phantom. You squeeze the phantom.
The phantom is heavily damaged.
The phantom hits you.
The phantom blinks!
You blink.
You hit the phantom but do no damage.
The phantom is heavily damaged.
You closely miss the phantom.
The phantom is heavily damaged.
You closely miss the kobold. The phantom hits you!
* * * LOW HITPOINT WARNING * * *
The phantom blinks!
You blink.
Okay, then.
As you read the scroll labelled XISAOFR PIOMIL, it crumbles to dust.
It is a scroll of enchant weapon.
Your +0 hand axe glows red for a moment.
The phantom hits you!
You die...

##### #..>...# #)..#
#......# #...#
#.....§# ...
#......# ## #+#
#......# .# ♣.♣♣
#......# .# ♣♣.♣
###..### .# ♣.♣♣
####W######## ##
♣♣.♣ #....@......# #
♣♣.♣♣ ####.#####..#
## ♣♣...♣
####.####..## .#
♣.)..♣ #.........##
.# #...)#
#.......###
.#####..####.......#
...#...............#
...#...#####.......#
.......#...........#


You could see a phantom.

Vanquished Creatures
  An ogre (D:4)
  A phantom (D:4)
  Jessica (D:2)
  An iguana (D:4)
  3 adders
  An adder skeleton (D:4)
  A worm (D:2)
  2 dart slugs (D:4)
  6 orcs
  9 bats
  5 endoplasms
  A giant cockroach (D:3)
  12 goblins
  8 hobgoblins
  4 jackals
  3 quokkas
  10 ball pythons
  4 frilled lizards
  10 kobolds
  3 rats
86 creatures vanquished.

Notes
Turn   | Place    | Note
-------+----------+-------------------------------------------
     0 | D:1      | croobank the Octopode Monk began the quest for the Orb.
     0 | D:1      | Reached XP level 1. HP: 16/16 MP: 1/1
   302 | D:1      | Reached XP level 2. HP: 16/21 MP: 2/2
   789 | D:1      | Found a faded altar of an unknown god.
   797 | D:1      | Reached XP level 3. HP: 16/26 MP: 3/3
   807 | D:1      | Prayed at the altar of an unknown god.
   807 | D:1      | Became a worshipper of Lugonu the Unformed
   807 | D:1      | Reached * piety under Lugonu
   807 | D:1      | Reached ** piety under Lugonu
   807 | D:1      | Reached *** piety under Lugonu
  1734 | D:2      | Reached **** piety under Lugonu
  1740 | D:2      | Noticed Jessica
  1753 | D:2      | Killed Jessica
  1754 | D:2      | Reached XP level 4. HP: 31/31 MP: 4/4
  1972 | D:2      | Found Pikusoc's Antique Armour Boutique.
  2372 | D:3      | Reached XP level 5. HP: 33/36 MP: 5/5
  2392 | D:3      | Found an ancient bone altar of Kikubaaqudgha.
  2394 | D:3      | Noticed an ancient zyme
  2494 | D:3      | Found a glowing golden altar of the Shining One.
  2628 | D:3      | Found a runed translucent door.
  2629 | D:3      | Noticed Crazy Yiuf
  2701 | D:3      | Found a transporter.
  2720 | D:3      | Found a transporter.
  2722 | D:3      | Found a one-way gate to the infinite horrors of the Abyss.
  2722 | D:3      | Noticed timneilson's ghost (amateur OgFi)
  2859 | D:4      | Noticed a phantom
  2876 | D:4      | Killed a phantom
  2877 | D:4      | Reached skill level 1 in Conjurations
  2877 | D:4      | Reached skill level 1 in Fire Magic
  2988 | D:4      | Reached XP level 6. HP: 14/42 MP: 6/6
  3311 | D:4      | Noticed a sky beast
  3703 | D:3      | Slain by a phantom

Illustrated notes

Levels and vault maps discovered:
D:1:      zelgadis_glass_arrival_small, layout_basic,
          ebering_ecumenical_altar_mist
D:2:      layout_rooms, serial_shops,
          nicolae_shop_temple_entry_statues_fountains, uniq_jessica
D:3:      layout_rooms, kiku_gazebo_pond_becter, nicolae_tso_carved_into_rock,
          gammafunk_ghost_abyssal_escape, uniq_crazy_yiuf_cottage
D:4:      layout_cave_pools

Skill      XL: |  1  2  3  4  5  6 |
---------------+-------------------+-----
Stealth        | 3 4 |  4.0
Axes           | 4 |  4.2
Conjurations   | 1 2 |  2.6
Fire Magic     | 1 2 |  2.6
Fighting       | |  3.6
Dodging        | |  3.8

Action                   |  1- 3 |  4- 6 || total
-------------------------+-------+-------++-------
Melee: Hand axe          |    69 |   109 ||   178
       Constrict         |    19 |    21 ||    40
       Tentacles         |    13 |    21 ||    34
Throw: Dart              |       |    10 ||    10
       Javelin           |       |     6 ||     6
Invok: Bend Space        |       |     1 ||     1
  Use: Scroll            |     3 |     6 ||     9
       Potion            |       |     2 ||     2
 Stab: Sleeping          |     3 |    14 ||    17
Armor: Skin              |     4 |     3 ||     7
Dodge: Dodged            |    60 |    84 ||   144

Table legend: (Time is in decaauts)
 A = Elapsed time spent in this place.
 B = Non-inter-level travel time spent in this place.
 C = Inter-level travel time spent in this place.
 D = Time resting spent in this place.
 E = Time spent auto-exploring this place.
 F = Levels seen in this place.
 G = Mean time per level.
                   A        B        C        D        E       F      G
               +--------+--------+--------+--------+--------+-----+--------+
         Total |   3730 |   3689 |     41 |   1197 |   1638 |   4 |  932.5 |
       Dungeon |   3730 |   3689 |     41 |   1197 |   1638 |   4 |  932.5 |
               +--------+--------+--------+--------+--------+-----+--------+

Top non-repeatable levels by time:
     D:1: 1667 daAuts
     D:2: 702 daAuts
     D:4: 689 daAuts
     D:3: 670 daAuts
